 Dungeon Crawl Stone Soup version 0.20-a0-795-ga03948b (webtiles) character file.

2766 Laan the Spear-Bearer (level 9, -7/96 HPs)
             Began as a Demonspawn Monk on Mar 1, 2017.
             Was a Priest of Trog.
             Mangled by Joseph
             ... wielding a +0 quarterstaff
              (16 damage)
             ... on level 9 of the Dungeon.
             The game lasted 00:13:13 (6242 turns).

Laan the Spear-Bearer (Demonspawn Monk)             Turns: 6242, Time: 00:13:13

Health: -7/96      AC:  8    Str: 19    XL:     9   Next: 42%
Magic:  9/9        EV:  8    Int: 15    God:    Trog [***...]
Gold:   201        SH:  4    Dex: 18    Spells: 8/8 levels left

rFire    + . .     SeeInvis .   M - +8 spear "Nijayrum" {flame, rElec rC+}
rCold    + . .     Gourm    .   f - +0 chain mail
rNeg     . . .     Faith    .   (no shield)
rPois    .         Spirit   .   (no helmet)
rElec    +         Reflect  .   (no cloak)
rCorr    .         Harm     .   (no gloves)
MR       .....                  (no boots)
Stlth    ..........             y - amulet of regeneration
Regen    0.7/turn               w - +2 ring of strength
MPRegen  0.2/turn               J - +3 ring of dexterity

@: berserking (expiring), very quick
A: large bone plates 1, demonic guardian 1, fire resistance 1, nightstalker 1,
wild magic 1
a: Berserk, Trog's Hand, Burn Spellbooks, Renounce Religion


You were on level 9 of the Dungeon.
You worshipped Trog.
Trog was most pleased with you.
You were very hungry.

You visited 2 branches of the dungeon, and saw 10 of its levels.

You collected 393 gold pieces.
You spent 192 gold pieces at shops.

Inventory:

Hand Weapons
 a - a +0 spear
 M - the +8 spear "Nijayrum" (weapon) {flame, rElec rC+}
   (You bought it in a shop on level 6 of the Dungeon)

   It has been specially enchanted to burn those struck by it, causing extra
   injury to most foes and up to half again as much damage against particularly
   susceptible opponents.
   It protects you from cold.
   It insulates you from electricity.
Armour
 f - a +0 chain mail (worn)
Jewellery
 e - an uncursed ring of stealth
 h - an uncursed ring of stealth
 w - a +2 ring of strength (right hand)
 y - an amulet of regeneration (around neck)
 C - an uncursed amulet of guardian spirit
 D - an uncursed ring of fire
 J - a +3 ring of dexterity (left hand)
Wands
 d - a wand of flame (0/48)
 m - a wand of paralysis (7/24)
 E - a wand of iceblast (0/15)
 H - a wand of lightning (2/15)
 Q - a wand of flame (32/48)
 R - a wand of flame (8/48)
 T - a wand of iceblast (3/15)
Scrolls
 b - a scroll of blinking {unknown}
 g - 5 scrolls of amnesia {unknown}
 i - 6 scrolls of teleportation
 l - 6 scrolls of remove curse
 q - a scroll of summoning {unknown}
 s - a scroll of noise {unknown}
 u - 2 scrolls of recharging
 v - 3 scrolls of fear
 x - 2 scrolls of enchant armour {unknown}
 z - 4 scrolls of enchant weapon {unknown}
 K - 2 scrolls of immolation {unknown}
 N - a scroll of fog {unknown}
 P - 5 scrolls of identify
Potions
 k - 2 potions of mutation
 n - 2 potions of lignification {unknown}
 o - 2 potions of brilliance
 p - 3 potions of flight {unknown}
 t - a potion of agility {unknown}
 A - a potion of ambrosia {unknown}
 B - 2 potions of might {unknown}
 F - a potion of resistance {unknown}
 G - a potion of heal wounds {unknown}
 L - a potion of cancellation {unknown}
 O - a potion of haste
 S - a potion of curing
Books
 U - a book of Necromancy

   Spells                             Type                      Level
   a - Pain                           Necromancy                   1
   b - Animate Skeleton               Necromancy                   1
   c - Vampiric Draining              Necromancy                   3
   d - Regeneration                   Charms/Necromancy            3
   e - Animate Dead                   Necromancy                   4
   f - Control Undead                 Necromancy                   4
   Trog disapproves of the use of such an item.
Comestibles
 c - 8 bread rations
 j - 6 meat rations
 r - 5 royal jellies
 I - 3 fruits
 V - 5 chunks of flesh


   Skills:
 + Level 3.5 Fighting
 * Level 11.7 Polearms
 + Level 1.2 Armour
 - Level 2.6 Dodging
 - Level 1.7 Stealth


You had 8 spell levels left.
You didn't know any spells.

Dungeon Overview and Level Annotations

Branches:
Dungeon (9/15)             Temple (1/1) D:7
   Lair: D:8-11         Orc: D:9-12

Altars:
Cheibriados
Dithmenos
Elyvilon
Fedhas
Gozag
Kikubaaqudgha
Makhleb
Okawaru
Sif Muna
Trog
Uskayaw
Vehumet
Xom
Yredelemnul

Shops:
D:6 (   D:7 :   D:9 }

Annotations:
D:9 Joseph


Innate Abilities, Weirdness & Mutations

You are partially covered in large bone plates. (SH +4)
A weak demonic guardian rushes to your aid.
You are slightly more attuned to the shadows.
Your flesh is heat resistant. (rF+)
Your spells are a little harder to cast, but a little more powerful.


Message History

Joseph goes berserk!
Joseph barely misses you.
You hit Joseph. You burn Joseph.
Joseph is lightly wounded.
Joseph hits you with an uncursed quarterstaff!!
* * * LOW HITPOINT WARNING * * *
You barely miss Joseph.
Joseph is lightly wounded.
Your chain mail prevents you from hitting Joseph.
Joseph is lightly wounded.
Joseph hits you with an uncursed quarterstaff!!
* * * LOW HITPOINT WARNING * * *
You puncture Joseph! You burn Joseph!
Joseph is moderately wounded.
You puncture Joseph! You burn Joseph.
Joseph is heavily wounded.
You impale Joseph!! You burn Joseph.
Joseph is severely wounded.
Joseph hits you with an uncursed quarterstaff!
You die...

...+ #...#......'.##.#
...# ##+####
#...#...####....#
...##+#.....# #...#...#
##...# ........#...#
+...#...# ...#
........#...# #...#...#
.#.# ........#...#
#...##### .#.#
........#.(.# #........
#
#'#####.....###>.......
......####..(((.@@.....
........ #.#..###......
#.....## #.#..# ......
#.....# #...... .#+###
#.....+ .........+
#.....# .#...#..#.#
####### .........#


You could see Joseph (berserk).

Vanquished Creatures
  The ghost of morbho the Poker, a novice MfFi (D:5)
  A hungry ghost (D:8)
  Menkaure (D:7)
  A water moccasin (D:7)
  Duvessa (D:7)
  An ice beast (D:7)
  An orc warrior (D:6)
  A sky beast (D:6)
  3 ogres
  A big kobold (D:7)
  5 bullfrogs
  Dowan (D:7)
  A scorpion (D:3)
  6 killer bees (D:8)
  A crimson imp (D:9)
  A bullfrog zombie (D:5)
  2 orc priests
  7 hounds
  A centaur skeleton (D:6)
  3 orc wizards
  3 worker ants
  A hound skeleton (D:7)
  A howler monkey skeleton (D:5)
  4 adders
  A river rat (D:4)
  A shadow imp (D:6)
  2 oozes
  2 worms
  3 dart slugs
  7 leopard geckos
  21 orcs
  5 giant cockroaches
  7 goblins
  5 hobgoblins
  4 jackals (D:8)
  5 bats
  2 frilled lizards
  5 kobolds
  5 rats
124 creatures vanquished.

Vanquished Creatures (collateral kills)
  A bullfrog (D:6)
  A jelly (D:5)
  A worker ant (D:4)
  An adder skeleton (D:7)
  2 orcs (D:6)
  A ball python (D:6)
7 creatures vanquished.

Grand Total: 131 creatures vanquished

Notes
Turn   | Place    | Note
-------+----------+-------------------------------------------
     0 | D:1      | Laan the Demonspawn Monk began the quest for the Orb.
     0 | D:1      | Reached XP level 1. HP: 18/18 MP: 1/1
    80 | D:1      | Reached skill level 3 in Polearms
   149 | D:1      | Gained mutation: A weak demonic guardian rushes to your aid. [demonic ancestry]
   149 | D:1      | Reached XP level 2. HP: 22/24 MP: 2/2
   815 | D:2      | Reached XP level 3. HP: 27/29 MP: 3/3
   879 | D:2      | Found an iron altar of Okawaru.
   955 | D:2      | Reached skill level 4 in Polearms
  1152 | D:3      | Noticed a scorpion
  1169 | D:3      | Killed a scorpion
  1169 | D:3      | Reached XP level 4. HP: 26/35 MP: 4/4
  1984 | D:4      | Reached skill level 5 in Polearms
  2425 | D:4      | Gained mutation: Your flesh is heat resistant. (rF+) [potion of mutation]
  2425 | D:4      | Gained mutation: Your spells are a little harder to cast, but a little more powerful. [potion of mutation]
  2432 | D:4      | Gained mutation: You are slightly more attuned to the shadows. [demonic ancestry]
  2432 | D:4      | Reached XP level 5. HP: 16/41 MP: 5/5
  2865 | D:5      | Entered Level 5 of the Dungeon
  2941 | D:5      | Found a basalt altar of Yredelemnul.
  3039 | D:5      | Noticed morbho's ghost (novice MfFi)
  3067 | D:5      | Killed morbho's ghost
  3067 | D:5      | Reached skill level 7 in Polearms
  3067 | D:5      | Reached XP level 6. HP: 7/47 MP: 6/6
  3067 | D:5      | Gained mutation: You are partially covered in large bone plates. (SH +4) [demonic ancestry]
  3067 | D:5      | Reached XP level 7. HP: 8/52 MP: 7/7
  3488 | D:5      | Reached skill level 8 in Polearms
  4054 | D:6      | HP: 2/52 [orc warrior/war axe of flaming (11)]
  4181 | D:6      | Reached skill level 9 in Polearms
  4181 | D:6      | Reached XP level 8. HP: 47/58 MP: 8/8
  4209 | D:6      | Found Rohuvaox's Antique Weapon Shop.
  4215 | D:6      | Bought an encrusted spear for 192 gold pieces
  4215 | D:6      | Identified the +8 spear "Nijayrum" {flame, rElec rC+} (You bought it in a shop on level 6 of the Dungeon)
  4359 | D:7      | Noticed Menkaure
  4370 | D:7      | Killed Menkaure
  4446 | D:7      | Found a staircase to the Ecumenical Temple.
  4453 | Temple   | Entered the Ecumenical Temple
  4521 | Temple   | Became a worshipper of Trog the Wrathful
  4521 | Temple   | Reached * piety under Trog
  4521 | Temple   | Reached ** piety under Trog
  4568 | D:7      | Reached skill level 10 in Polearms
  4792 | D:7      | Noticed Duvessa
  4793 | D:7      | Noticed Dowan
  4800 | D:7      | Killed Duvessa
  4803 | D:7      | Killed Dowan
  5101 | D:7      | Reached skill level 11 in Polearms
  5226 | D:7      | Found an ancient bone altar of Kikubaaqudgha.
  5294 | D:7      | Found Tucweocwac's Book Shop.
  5411 | D:8      | Reached XP level 9. HP: 63/63 MP: 9/9
  5673 | D:8      | Reached *** piety under Trog
  5754 | D:8      | Found a white marble altar of Elyvilon.
  5755 | D:8      | Found a burning altar of Makhleb.
  6129 | D:9      | Found Uwne's Gadget Shoppe.
  6201 | D:9      | Reached skill level 1 in Armour
  6227 | D:9      | Noticed Joseph
  6242 | D:9      | Mangled by Joseph

Vault maps used:
D:1:      saegor_arrival_simple_e
D:2:      kennysheep_okawaru_gauntlet
D:4:      gup_sewer_entry_spiral
D:5:      yredelemnul_altar_generic, first_bread, kennysheep_decorative_pillar
D:6:      serial_shops, shop
D:7:      marbit_many_paths, minmay_temple_entry_statues_fountains,
          serial_shops, nicolae_shop_statue_plus, grunt_ogre_cave,
          grunt_ministairs_1, uniq_menkaure, uniq_duvessa
D:8:      gammafunk_temple_overflow_pools
D:9:      old_standard_altar, serial_shops, shop_statue,
          nicolae_shop_waterfront, kennysheep_mini, uniq_joseph
Temple:   regret_index_temple_sphere_string

Skill      XL: |  1  2  3  4  5  6  7  8  9 |
---------------+----------------------------+-----
Polearms       | 3 4 5 7 9 11 | 11.7
Armour         | 1 |  1.2
Fighting       | |  3.5
Dodging        | |  2.6
Stealth        | |  1.7

Action                   |  1- 3 |  4- 6 |  7- 9 || total
-------------------------+-------+-------+-------++-------
Melee: Spear             |   111 |   166 |   331 ||   608
Invok: Berserk           |       |       |     3 ||     3
       Burn Spellbooks   |       |       |     1 ||     1
Evoke: Wand              |       |    10 |     7 ||    17
  Use: Potion            |       |     6 |       ||     6
       Scroll            |       |       |     6 ||     6
 Stab: Sleeping          |     2 |       |       ||     2
       Distracted        |       |     1 |     3 ||     4
  Eat: Chunk             |     1 |     5 |    11 ||    17
       Fruit             |       |       |     2 ||     2
Armor: Robe              |     6 |       |       ||     6
       Chain mail        |    31 |    53 |    69 ||   153
Dodge: Dodged            |    32 |    45 |    53 ||   130
Block: Other             |       |       |    14 ||    14
